 Dungeon Crawl Stone Soup version 0.29.0-11-gd7f09526c8 (webtiles) character file.

Game seed: 11379247232324441858

423289 pdpol the Rapturous (level 23, -30/215 HPs)
             Began as a Ghoul Enchanter on Sept 4, 2022.
             Was a Priest of Uskayaw.
             Killed by the air
             ... invoked by a titan
              (31 damage)
             ... on level 5 of the Vaults on Sept 5, 2022.
             The game lasted 02:57:42 (69388 turns).

pdpol the Rapturous (Ghoul Enchanter)              Turns: 69388, Time: 02:57:43

Health: -30/215    AC: 39    Str: 31    XL:     23   Next: 75%
Magic:  36/36      EV: 11    Int: 10    God:    Uskayaw [***...]
Gold:   2180       SH: 14    Dex: 14    Spells: 25/25 levels left

rFire   + . .      SeeInvis +     - Unarmed
rCold   . . .      Faith    .   F - +2 kite shield {AC+3} {AC+3}
rNeg    + + +      Spirit   .   P - +2 plate armour {rF+} {rF+}
rPois   ∞          Reflect  .   X - +2 helmet {SInv}
rElec   .          Harm     .   E - +2 cloak
rCorr   .          Rampage  +   W - +2 pair of gloves of Gallantry {+Inv rC- Str+4}
Will    +++..                   T - +2 pair of boots {rampage}
Stlth   ..........              m - amulet of the acrobat
HPRegen 0.00/turn               o - ring of Lucidity {rPois Will++ AC+4 Dex+3}
MPRegen 0.25/turn               O - +6 ring of strength

@: silenced, inhibited regen, very slow
A: claws 1, cold resistance 1, negative energy resistance 3, inhibited
regeneration, torment resistance 2, devour on kill
}: 2/15 runes: decaying, serpentine
a: Renounce Religion, Evoke Invisibility


You were on level 5 of the Vaults.
You worshipped Uskayaw.
Uskayaw was greatly pleased with you.
You visited 7 branches of the dungeon, and saw 39 of its levels.
You also visited: Ossuary, Volcano and Wizlab.

You collected 6514 gold pieces.
You spent 4334 gold pieces at shops.

Inventory:

Missiles
 b - 5 boomerangs of dispersal {=f}
 h - 27 boomerangs (quivered)
 l - 69 poisoned darts
 v - 12 javelins
 w - 19 curare-tipped darts
 B - 10 atropa-tipped darts
Armour
 E - a +2 cloak (worn)
 F - a +2 kite shield of protection (worn) {AC+3}
 P - a +2 plate armour of fire resistance (worn) {rF+}
 T - a +2 pair of boots of rampaging (worn)
 W - the +2 pair of gloves of Gallantry (worn) {+Inv rC- Str+4}
   (You bought it in a shop on level 2 of the Orcish Mines)

   Str:       It affects your strength (+4).
   rC:        It makes you vulnerable to cold.
   +Inv:      It lets you turn invisible.
 X - a +2 helmet of see invisible (worn)
Jewellery
 i - a +4 ring of protection
 m - an amulet of the acrobat (around neck)
 o - the ring of Lucidity (left hand) {rPois Will++ AC+4 Dex+3}
   (You bought it in a shop on level 2 of the Vaults)

   [ring of protection]

   AC:        It affects your AC (+4).
   Dex:       It affects your dexterity (+3).
   rPois:     It protects you from poison.
   Will:      It greatly increases your willpower.
 C - a ring of resist corrosion
 I - a ring of protection from cold
 O - a +6 ring of strength (right hand)
Wands
 f - a wand of flame (91)
 y - a wand of paralysis (28)
 D - a wand of digging (12)
 H - a wand of polymorph (43)
 J - a wand of iceblast (12)
 S - a wand of mindburst (16)
 Z - a wand of acid (16)
Scrolls
 a - 2 scrolls of blinking {!r}
 c - 7 scrolls of vulnerability {!r!r}
 d - 5 scrolls of butterflies
 g - 2 scrolls of enchant weapon
 s - 4 scrolls of silence
 t - 11 scrolls of teleportation
 u - 9 scrolls of fear
 z - a scroll of enchant armour
 M - 4 scrolls of immolation {!r}
 Q - 7 scrolls of magic mapping {!r}
 U - 2 scrolls of torment
 Y - 4 scrolls of poison
Potions
 e - 14 potions of curing
 k - 9 potions of attraction {!q}
 q - 7 potions of ambrosia
 r - 4 potions of might
 x - 8 potions of resistance
 A - 4 potions of haste
 K - 5 potions of flight
 L - 4 potions of invisibility
 N - a potion of cancellation
Miscellaneous
 n - a condenser vane
 p - a box of beasts


   Skills:
 - Level 20.0 Fighting
 - Level 0.8 Short Blades
 - Level 10.0 Throwing
 + Level 13.7 Armour
 - Level 10.0 Dodging
 - Level 3.2 Stealth
 + Level 10.9 Shields
 - Level 20.0 Unarmed Combat
 - Level 1.7 Spellcasting
 - Level 2.4 Hexes
 - Level 20.1 Invocations
 - Level 14.0 Evocations


You had 25 spell levels left.
You didn't know any spells.
Your spell library contained the following spells:

 Spells                   Type           Power      Damage    Failure   Level
 Foxfire                  Conj/Fire      0%         2x1d4     98%         1
 Freeze                   Ice            0%         1d3       98%         1
 Magic Dart               Conj           0%         1d3       98%         1
 Shock                    Conj/Air       0%         1d3       98%         1
 Sting                    Tmut/Pois      0%         1d3       98%         1
 Ensorcelled Hibernation  Hex/Ice        6%         N/A       98%         2
 Call Imp                 Summ           0%         N/A       99%         2
 Poisonous Vapours        Pois/Air       0%         N/A       99%         2
 Confusing Touch          Hex            5%         N/A       99%         3
 Tukima's Dance           Hex            5%         N/A       99%         3
 Conjure Flame            Conj/Fire      0%         6-21      100%        3
 Dazzling Flash           Conj/Hex       6%         N/A       100%        3
 Frozen Ramparts          Ice            0%         1d1       100%        3
 Ignite Poison            Fire/Tmut/Pois 0%         N/A       100%        3
 Inner Flame              Hex/Fire       3%         N/A       100%        3
 Mephitic Cloud           Conj/Pois/Air  0%         N/A       100%        3
 Portal Projectile        Hex/Tloc       6%         N/A       100%        3
 Swiftness                Air            0%         N/A       100%        3
 Airstrike                Air            0%         2d(0-16)  100%        4
 Animate Armour           Summ/Erth      0%         N/A       100%        4
 Animate Dead             Necr           0%         N/A       100%        4
 Cause Fear               Hex            2%         N/A       100%        4
 Flame Wave               Conj/Fire      0%         2d4       100%        4
 Hailstorm                Conj/Ice       0%         3d3       100%        4
 Iskenderun's Mystic Bla  Conj/Tloc      0%         2d3       100%        4
 Olgreb's Toxic Radiance  Pois           0%         N/A       100%        4
 Passage of Golubria      Tloc           0%         N/A       100%        4
 Petrify                  Tmut/Erth      0%         N/A       100%        4
 Summon Ice Beast         Ice/Summ       0%         N/A       100%        4
 Borgnjor's Vile Clutch   Necr/Erth      0%         N/A       100%        5
 Fireball                 Conj/Fire      0%         3d3       100%        5
 Freezing Cloud           Conj/Ice/Air   0%         6-21      100%        5
 Irradiate                Conj/Tmut      0%         3d11      100%        5
 Iskenderun's Battlesphe  Conj           0%         2d6       100%        5
 Manifold Assault         Tloc           0%         N/A       100%        5
 Silence                  Hex/Air        1%         N/A       100%        5
 Summon Forest            Summ/Tloc      0%         N/A       100%        5
 Summon Mana Viper        Hex/Summ       3%         N/A       100%        5
 Death Channel            Necr           0%         N/A       100%        6
 Eringya's Noxious Bog    Tmut/Pois      0%         N/A       100%        6
 Iron Shot                Conj/Erth      0%         9d1       100%        6
 Starburst                Conj/Fire      0%         6d3       100%        6
 Spellforged Servitor     Conj/Summ      0%         N/A       100%        7
 Summon Hydra             Summ           0%         N/A       100%        7
 Discord                  Hex            2%         N/A       100%        8
 Ignition                 Fire           0%         3d3       100%        8
 Lehudib's Crystal Spear  Conj/Erth      0%         10d2      100%        8
 Sublimation of Blood     Necr           Unusable   N/A       N/A         2
 Wereblood                Tmut           Unusable   N/A       N/A         2
 Ice Form                 Ice/Tmut       Unusable   N/A       N/A         4
 Blade Hands              Tmut           Unusable   N/A       N/A         5

Dungeon Overview and Level Annotations

Branches:
Dungeon (15/15)            Temple (0/1) D:7            Lair (5/5) D:9
  Swamp (4/4) Lair:3        Snake (4/4) Lair:2        Slime (0/5) Lair:5
    Orc (2/2) D:10            Elf (0/3) Orc:2        Vaults (5/5) D:14
  Crypt (0/3) Vaults:3     Depths (4/4) D:15            Zot (0/5) Depths:4
Ossuary (visited)         Volcano (visited)          WizLab (visited)

Altars:
Ashenzari
Cheibriados
Dithmenos
Fedhas
Gozag
Okawaru
Qazlal
Ru
Trog
Uskayaw
Vehumet
Xom

Shops:
D:1 (![[(   Orc:2 =[!![   Vaults:1 (   Vaults:2 =   Vaults:4 **(   Depths:3 *

Portals:
Hell: Depths:1 Depths:3 Depths:4
Abyss: Depths:3
Pandemonium: Depths:2 Depths:4
Ziggurat: Depths:3

Annotations:
Swamp:1 2 runed translucent doors, Qemahefa's ghost, adept GrFi
Snake:2 vashnia hits hard!
Vaults:5 Bai Suzhen


Innate Abilities, Weirdness & Mutations

You are immune to poison.
You have sharp fingernails.
Your flesh is cold resistant. (rC+)
You are immune to negative energy. (rN+++)
You do not regenerate when monsters are visible.
You are immune to unholy pain and torment.
You thrive by killing the living.


Message History

Uskayaw prepares the audience for your solo!
The helpless titan fails to defend itself.
You hit the titan.
You are standing in a thunderstorm.
Your unstable footing causes you to fumble your attack.
You are standing in a thunderstorm.
Your unstable footing causes you to fumble your attack.
You are standing in a thunderstorm.
Bai Suzhen is no longer paralysed.
Your unstable footing causes you to fumble your attack.
You are standing in a thunderstorm.
Bai Suzhen bites you but does no damage.
Bai Suzhen misses you.
Bai Suzhen tramples you but does no damage.
You pummel Bai Suzhen!!
You are standing in a thunderstorm.
Bai Suzhen breathes water at you. You block the torrent of water.
The wave splashes down.
You pummel Bai Suzhen!!
You are standing in a thunderstorm.
The titan is no longer paralysed.
You block the titan's attack.
Your unstable footing causes you to fumble your attack.
You are standing in a thunderstorm.
Bai Suzhen bites you but does no damage.
Bai Suzhen claws you but does no damage.
You block Bai Suzhen's attack. You block the titan's attack.
You hit Bai Suzhen but do no damage.
You are standing in a thunderstorm.
You are struck by lightning!
* * * LOW HITPOINT WARNING * * *
Bai Suzhen bites you but does no damage.
Bai Suzhen claws you but does no damage.
Bai Suzhen completely misses you. The titan hits you!!
* * * LOW HITPOINT WARNING * * *
You take 28 damage, and have 26/215 hp.
Unknown command.
You feel much better.
You are standing in a thunderstorm.
Bai Suzhen breathes water at you. The torrent of water hits you!!!
* * * LOW HITPOINT WARNING * * *
You are knocked back by the torrent of water.
You collide with the titan!
The wave splashes down.
The titan waves its arms in wide circles.
The air twists around and strikes you!!
You die...

#!# #.# ##.# ...
#######################p.
.......$[[[[.[[......p..p
......)[[[.[[[.......p...
......)†§§§[[......$..p..
.......C@D§~)........p...
#.#.###################..
... #..Q ## #...# ....##
....# # .... #


You could see Bai Suzhen (clouds, catching breath) and a titan.

Vanquished Creatures
  Sojobo (Vaults:5)
  Margery (Depths:4)
  Vashnia (Snake:2)
  5 caustic shrikes (Depths:4)
  A golden dragon (Depths:3)
  A bone dragon (Depths:4)
  Mlioglotl (Snake:2)
  4 liches
  A walking crystal tome (Depths:3)
  Asterion (Vaults:1)
  3 tentacled monstrosities (Depths:3)
  Frances (D:13)
  A walking divine tome (Depths:2)
  3 sphinxes
  2 shadow dragons (Depths:4)
  5 tengu reavers
  Kirke (D:13)
  Donald (Snake:4)
  A draconian monk (Depths:4)
  6 nagarajas
  Louise (Swamp:1)
  8 frost giants
  2 fire giants
  10 vault wardens
  Aizul (Lair:3)
  An orc warlord (Vaults:3)
  2 spriggan defenders (Depths:1)
  16 ironbound preservers
  35 very ugly things
  3 ironbound thunderhulks
  7 stone giants
  3 vampire knights (Depths:3)
  8 eleionomae
  A green draconian (Depths:4)
  A black draconian (Depths:4)
  A deep elf demonologist (Vaults:3)
  A purple draconian (Depths:4)
  3 red draconians (Depths:4)
  13 dire elephants
  A bunyip (Swamp:4)
  3 spark wasps
  An entropy weaver (Vaults:2)
  3 yellow draconians (Depths:4)
  A merfolk javelineer (Depths:1)
  12 yaktaur captains
  9 fire dragons
  4 ettins
  3 great orbs of eyes (Vaults:2)
  A shambling mangrove (Swamp:4)
  25 vault guards
  2 rakshasas (Depths:3)
  A salamander tyrant (Snake:2)
  2 catoblepae
  6 ice dragons
  5 boulder beetles
  An ogre mage (D:15)
  4 spriggan air magi
  23 hydras
  A peacekeeper (Vaults:1)
  3 death knights
  4 centaur warriors
  11 ironbound frosthearts
  4 two-headed ogres
  3 alligators
  12 anacondas
  19 naga warriors
  A vampire mage (Depths:3)
  5 deep troll shamans
  9 deep troll earth magi
  6 tengu warriors
  8 death yaks (Lair:5)
  9 spriggans
  5 spriggan berserkers
  5 large abominations (Depths:3)
  8 shock serpents
  Urug (D:10)
  7 hell knights
  3 orc high priests
  19 naga sharpshooters
  A titan zombie (Vaults:4)
  Sonja (Lair:5)
  2 soul eaters (Depths:4)
  A shadow wraith (Vaults:3)
  9 skeletal warriors
  A sixfirhy (Depths:4)
  5 iron trolls
  2 salamander mystics
  A death drake (Swamp:3)
  5 spriggan druids
  4 spectral hydras (Swamp:3)
  2 glowing orange brains
  13 swamp dragons
  51 deep trolls
  7 naga ritualists
  8 lindwurms
  3 phantasmal warriors
  15 bog bodies
  The ghost of stevemasterson the Cleaver, a novice MiBe of Trog (D:7)
  11 wizards
  Pikel (D:4)
  11 mana vipers
  17 ironbound convokers
  3 orc knights
  56 ugly things
  8 goliath frog zombies (Swamp:3)
  6 necromancers
  A deep elf zephyrmancer (D:15)
  A deep elf pyromancer (D:14)
  5 harpies (Vaults:3)
  2 will-o-the-wisps
  2 manticores
  5 orc sorcerers
  13 salamanders
  6 cyclopes
  5 elephants
  43 black mambas
  10 guardian serpents
  A rust devil (Depths:4)
  25 naga magi
  2 centaur skeletons (D:15)
  5 torpor snails (Lair:5)
  2 water nymphs
  10 cane toads
  A hellion (Depths:4)
  11 vault sentinels
  Psyche (D:10)
  5 gargoyles
  A yaktaur zombie (Vaults:4)
  2 human zombies
  3 swamp worm zombies (Swamp:3)
  12 komodo dragons
  5 tengu conjurers
  24 yaktaurs
  A freezing wraith (D:15)
  A yaktaur (shapeshifter) (D:13)
  6 trolls
  3 bloated husks
  A queen bee (Lair:3)
  2 polar bears
  Grinder (D:5)
  12 tyrant leeches
  8 dream sheep (Lair:5)
  22 hornets
  A meliai zombie (D:15)
  9 blink frogs
  2 spectral swamp dragons (Swamp:3)
  22 slime creatures
  3 alligator zombies (Swamp:3)
  A centaur simulacrum (D:15)
  5 wraiths
  A deep troll skeleton (Vaults:4)
  2 wyverns
  6 water elementals
  A vampire (D:11)
  3 hogs (D:13)
  65 yaks
  3 basilisks
  4 humans (D:10)
  3 tyrant leech zombies (Swamp:3)
  A human simulacrum (Vaults:2)
  2 steam dragons
  14 vampire mosquitoes
  A glowing shapeshifter zombie (Vaults:2)
  63 nagas
  7 wargs
  2 acid dragons (D:14)
  4 hell hounds (Volcano)
  19 swamp worms
  14 water moccasins
  Duvessa (D:5)
  A floating eye (shapeshifter) (Vaults:3)
  An ice beast (D:7)
  29 orc warriors
  A sky beast (D:7)
  4 swamp drakes (Swamp:4)
  3 black bears
  13 ogres
  A boggart (Vaults:1)
  25 wolves
  10 centaurs
  2 phantoms (D:5)
  2 human skeletons
  14 kobold brigands
  Blork the orc (D:5)
  7 small abominations (Depths:3)
  13 bullfrogs
  3 necrophages
  6 gnoll sergeants
  5 scorpions
  14 wights
  2 spriggan zombies (Swamp:3)
  Dowan (D:5)
  2 troll zombies (Swamp:3)
  28 killer bees
  5 howler monkeys
  6 hounds
  5 jellies
  25 orc priests
  4 gnoll boudas
  Crazy Yiuf (D:7)
  2 iguanas
  40 orc wizards
  A boggart skeleton (D:15)
  9 mummies
  10 adders
  30 gnolls
  3 white imps
  2 ufetubi (D:5)
  A worm (D:2)
  85 orcs
  8 endoplasms
  9 giant cockroaches
  6 goblins
  12 hobgoblins
  5 jackals
  21 kobolds
  4 quokkas
  10 ball pythons
  4 bats
  5 frilled lizards
  2 gnoll zombies (Ossuary)
  A goblin zombie (D:7)
  2 hobgoblin zombies
  2 kobold zombies (Ossuary)
  3 orc zombies (Ossuary)
  2 rats
  2 butterflies (Lair:1)
1687 creatures vanquished.

Vanquished Creatures (collateral kills)
  A dire elephant (Vaults:1)
  2 spark wasps (Depths:1)
  2 naga sharpshooters (Snake:2)
  A guardian serpent (Lair:2)
  An orc wizard (Orc:2)
7 creatures vanquished.

Vanquished Creatures (others)
  A lich (Vaults:3)
  A naga sharpshooter (Snake:4)
  A wizard (Vaults:3)
  A will-o-the-wisp (Swamp:3)
  6 bloated husks
  A naga (Snake:1)
  A swamp worm (Swamp:3)
  A bush (Lair:2)
  12 foxfires
  39 fungi
  81 plants
  2 withered plants (Swamp:3)
147 creatures vanquished.

Grand Total: 1841 creatures vanquished

Notes
Turn   | Place    | Note
-------+----------+-------------------------------------------
     0 | D:1      | pdpol the Ghoul Enchanter began the quest for the Orb.
     0 | D:1      | Reached XP level 1. HP: 14/14 MP: 2/2
    51 | D:1      | Reached skill level 1 in Unarmed Combat
   184 | D:1      | Found Qiru's Weapon Shoppe.
   198 | D:1      | Found Zoxor's Distillery.
   224 | D:1      | Found Qaeganu's Armour Emporium.
   265 | D:1      | Found Muho's Weapon Shop.
   717 | D:1      | Found a faded altar of an unknown god.
  1264 | D:1      | Reached XP level 2. HP: 17/20 MP: 3/3
  1509 | D:1      | Found Ustrutar's Armour Shop.
  1872 | D:1      | Prayed at the altar of an unknown god.
  1872 | D:1      | Became a worshipper of Uskayaw the Reveller
  1872 | D:1      | Reached * piety under Uskayaw
  2444 | D:2      | Reached XP level 3. HP: 25/26 MP: 4/4
  2618 | D:2      | Reached ** piety under Uskayaw
  2999 | D:2      | Identified the +3 mace of Kigaaxup {vorpal, *Slow +Blink
                  | rElec Dex-5}
  3428 | D:1      | Bought 2 poisoned darts for 11 gold pieces
  3583 | D:2      | Reached XP level 4. HP: 32/33 MP: 5/5
  4625 | D:4      | Reached XP level 5. HP: 36/38 MP: 6/6
  4668 | D:4      | Reached skill level 5 in Unarmed Combat
  4771 | D:4      | Reached skill level 1 in Fighting
  5086 | D:4      | Reached skill level 1 in Invocations
  5356 | D:4      | Reached XP level 6. HP: 32/50 MP: 7/7
  6450 | D:5      | Entered Level 5 of the Dungeon
  6558 | D:5      | Noticed Pikel
  6712 | D:5      | Reached XP level 7. HP: 47/57 MP: 8/8
  6712 | D:5      | Reached *** piety under Uskayaw
  6881 | D:5      | Found a broken altar of Ashenzari.
  7248 | D:5      | Noticed Blork the orc
  7268 | D:5      | Killed Blork the orc
  7876 | D:4      | Reached XP level 8. HP: 52/67 MP: 9/9
  7975 | D:5      | Reached skill level 5 in Fighting
  8166 | D:5      | Reached **** piety under Uskayaw
  8369 | D:5      | Reached skill level 5 in Invocations
  8450 | D:5      | Noticed Duvessa
  8502 | D:5      | Noticed Dowan
  8512 | D:5      | Killed Duvessa
  8534 | D:4      | Killed Pikel
  8535 | D:4      | Reached skill level 10 in Unarmed Combat
  8535 | D:4      | Reached XP level 9. HP: 44/74 MP: 11/11
  8677 | D:5      | Killed Dowan
  8743 | D:5      | Noticed Grinder
  8785 | D:5      | Killed Grinder
 10160 | D:7      | Found a staircase to the Ecumenical Temple.
 10201 | D:7      | Found a sacrificial altar of Ru.
 10250 | D:7      | Reached XP level 10. HP: 73/88 MP: 14/14
 10328 | D:7      | Found a runed translucent gate.
 10333 | D:7      | Found a runed translucent gate.
 10333 | D:7      | Noticed stevemasterson's ghost (novice MiBe)
 10334 | D:7      | Found a runed translucent gate.
 10455 | D:7      | Found a sand-covered staircase.
 10462 | Ossuary  | Entered an ossuary
 11146 | D:7      | Found a runed translucent door.
 11147 | D:7      | Noticed Crazy Yiuf
 11359 | D:7      | Noticed a manticore
 11606 | D:7      | Killed Crazy Yiuf
 11819 | D:7      | Reached skill level 10 in Invocations
 11951 | D:7      | Killed stevemasterson's ghost
 11953 | D:7      | Reached ***** piety under Uskayaw
 12124 | D:7      | Killed a manticore
 12735 | D:8      | Reached XP level 11. HP: 69/99 MP: 18/18
 12738 | D:8      | Reached skill level 10 in Fighting
 13854 | D:9      | Found a hide-covered altar of Uskayaw.
 13989 | D:9      | Found a shadowy altar of Dithmenos.
 13992 | D:9      | Found an iron altar of Okawaru.
 14111 | D:9      | Found a blossoming altar of Fedhas.
 14175 | D:9      | Found a snail-covered altar of Cheibriados.
 14219 | D:9      | Found a staircase to the Lair.
 14274 | D:9      | Reached ****** piety under Uskayaw
 14346 | D:9      | Found a stormy altar of Qazlal.
 14730 | D:9      | Found a shimmering altar of Xom.
 14803 | D:10     | Entered Level 10 of the Dungeon
 14949 | D:10     | Noticed a two-headed ogre
 14958 | D:10     | Killed a two-headed ogre
 15240 | D:10     | Reached skill level 1 in Armour
 15451 | D:10     | Found a staircase to the Orcish Mines.
 15817 | D:10     | Noticed Urug
 15843 | D:10     | Killed Urug
 16077 | D:10     | Noticed Psyche
 16085 | D:10     | Killed Psyche
 16237 | D:11     | Reached XP level 12. HP: 98/110 MP: 20/20
 16553 | D:11     | Noticed a five-headed hydra
 16616 | Lair:1   | Entered Level 1 of the Lair of Beasts
 16884 | D:9      | Reached skill level 5 in Dodging
 16884 | D:9      | Reached skill level 1 in Shields
 17173 | D:9      | Reached skill level 5 in Armour
 17491 | Lair:1   | Reached skill level 5 in Shields
 17523 | Lair:1   | Reached skill level 1 in Evocations
 18486 | Lair:2   | Found a staircase to the Snake Pit.
 18542 | Lair:2   | Reached skill level 5 in Evocations
 18693 | Lair:2   | Noticed a four-headed hydra
 18707 | Lair:2   | Killed a four-headed hydra
 18708 | Lair:2   | Reached XP level 13. HP: 116/116 MP: 21/21
 19103 | Lair:2   | Identified the +6 hand axe "Mauc" {vorpal, rF+ Will+}
 20296 | Lair:3   | Found a transporter.
 20296 | Lair:3   | Found a transporter.
 20516 | Lair:3   | Found a staircase to the Swamp.
 21765 | Lair:5   | Entered Level 5 of the Lair of Beasts
 22305 | Lair:5   | Reached XP level 14. HP: 119/127 MP: 22/22
 23017 | Lair:5   | Reached skill level 10 in Evocations
 23064 | Lair:5   | Noticed Sonja
 23087 | Lair:5   | Killed Sonja
 23200 | Lair:5   | Found a staircase to the Slime Pits.
 23468 | Lair:5   | Found a runed translucent door.
 24453 | Orc:1    | Entered Level 1 of the Orcish Mines
 25212 | Orc:2    | Entered Level 2 of the Orcish Mines
 25236 | Orc:2    | Found a dark tunnel.
 25247 | Volcano  | Entered a volcano
 25617 | Orc:2    | Found Wuemeo's Jewellery Boutique.
 26073 | Orc:2    | Found a staircase to the Elven Halls.
 26120 | Orc:2    | Reached XP level 15. HP: 99/134 MP: 24/24
 26470 | Orc:2    | Found Fuigaise's Distillery.
 26470 | Orc:2    | Found Orew's Antique Armour Shop.
 26478 | Orc:2    | Found Ydghianeu's Distillery.
 26482 | Orc:2    | Found Wudis's Antique Armour Boutique.
 26700 | Orc:2    | Bought a pair of fading gloves for 275 gold pieces
 26700 | Orc:2    | Identified the +2 pair of gloves of Gallantry {+Inv rC-
                  | Str+4} (You bought it in a shop on level 2 of the Orcish
                  | Mines)
 26722 | Orc:2    | Bought a glowing helmet for 255 gold pieces
 26729 | Orc:2    | Bought a runed helmet for 217 gold pieces
 27777 | D:12     | Reached skill level 15 in Invocations
 28199 | D:13     | Got Veogysass's Folio of the Planar Swarm
 28263 | D:13     | Reached XP level 16. HP: 144/144 MP: 26/26
 28401 | D:13     | Noticed Frances
 28428 | D:13     | Killed Frances
 28765 | D:13     | Noticed Kirke
 28782 | D:13     | Killed Kirke
 29714 | D:14     | Found an iron altar of Okawaru.
 30205 | D:14     | Found a gate to the Vaults.
 30486 | D:15     | Entered Level 15 of the Dungeon
 31729 | D:15     | Found a staircase to the Depths.
 31752 | D:15     | Reached XP level 17. HP: 130/154 MP: 28/28
 32440 | Snake:1  | Entered Level 1 of the Snake Pit
 33071 | D:1      | Bought a potion of heal wounds for 55 gold pieces
 33071 | D:1      | Bought a potion of invisibility for 88 gold pieces
 33071 | D:1      | Bought a potion of resistance for 110 gold pieces
 33327 | Orc:2    | Bought a potion of haste for 160 gold pieces
 33327 | Orc:2    | Bought a potion of haste for 160 gold pieces
 33327 | Orc:2    | Bought a potion of heal wounds for 80 gold pieces
 33327 | Orc:2    | Bought a potion of invisibility for 128 gold pieces
 33327 | Orc:2    | Bought a potion of might for 64 gold pieces
 33327 | Orc:2    | Bought a potion of heal wounds for 80 gold pieces
 33499 | Orc:2    | Bought a +6 ring of strength for 504 gold pieces
 34359 | Snake:1  | Found an iron altar of Okawaru.
 34478 | Snake:1  | Reached skill level 10 in Armour
 34499 | Snake:1  | Reached skill level 15 in Fighting
 34499 | Snake:1  | Reached skill level 15 in Unarmed Combat
 35177 | Snake:2  | Found a bloodstained altar of Trog.
 35292 | Snake:2  | Noticed Mlioglotl
 35308 | Snake:2  | Killed Mlioglotl
 36370 | Snake:2  | Noticed Vashnia
 37256 | Snake:3  | Reached XP level 18. HP: 53/166 MP: 22/29
 38611 | Snake:4  | Entered Level 4 of the Snake Pit
 39610 | Snake:4  | Noticed Donald
 39630 | Snake:4  | Killed Donald
 40430 | Snake:4  | Got a serpentine rune of Zot
 40907 | Swamp:1  | Entered Level 1 of the Swamp
 40907 | Swamp:1  | Noticed Qemahefa's ghost (adept GrFi)
 40907 | Swamp:1  | Noticed Aizul
 40907 | Swamp:1  | Found a large runed translucent door.
 40907 | Swamp:1  | Found a large runed translucent door.
 40921 | Lair:3   | Killed Aizul
 41398 | Swamp:1  | Noticed Louise
 41414 | Swamp:1  | Killed Louise
 41752 | Swamp:2  | Reached XP level 19. HP: 163/174 MP: 24/30
 43620 | Swamp:3  | Found the +12 pair of quick blades "Gyre" and "Gimble"
                  | {protect}
 43795 | Swamp:3  | Identified the ring "Lacwieg" {Ice Int+3}
 44648 | Swamp:4  | Entered Level 4 of the Swamp
 45491 | Swamp:4  | Reached skill level 10 in Shields
 46109 | Swamp:4  | Got a decaying rune of Zot
 46833 | Vaults:1 | Entered Level 1 of the Vaults
 46988 | Vaults:1 | Noticed Asterion
 47419 | Vaults:1 | Killed Asterion
 47420 | Vaults:1 | Reached XP level 20. HP: 128/184 MP: 19/32
 48529 | Vaults:1 | Found a radiant altar of Vehumet.
 48549 | Vaults:1 | Identified the -1 hat "Byanotu" {Contam +Blink rC- Regen+}
 48650 | Vaults:1 | Reached skill level 10 in Dodging
 48659 | Vaults:1 | Found Fones's Antique Weapon Boutique.
 50971 | Vaults:2 | Found Puch's Jewellery Emporium.
 50977 | Vaults:2 | Bought the ring of Lucidity {rPois Will++ AC+4 Dex+3} for
                  | 742 gold pieces
 52790 | Vaults:3 | Reached XP level 21. HP: 145/194 MP: 34/34
 53058 | Vaults:3 | Found a staircase to the Crypt.
 57093 | Vaults:4 | Found Gozag's Assorted Antiques.
 57102 | Vaults:4 | Found an opulent altar of Gozag.
 57115 | Vaults:4 | Found Gozag's Antique Weapon Boutique.
 57249 | Vaults:4 | Found Gozag's Assorted Antiques.
 57914 | Depths:1 | Entered Level 1 of the Depths
 58373 | Depths:1 | Found a magical portal.
 58383 | Depths:1 | Found a gateway to Hell.
 58402 | WizLab   | Entered Iskenderun's Mystic Tower
 59053 | Depths:1 | Reached XP level 22. HP: 87/209 MP: 31/35
 59915 | Depths:2 | Identified a scroll of acquirement
 60410 | Depths:2 | Found a one-way gate leading to the halls of Pandemonium.
 60443 | Depths:3 | Reached skill level 1 in Throwing
 61645 | Depths:2 | Reached skill level 5 in Throwing
 62039 | Depths:3 | Found Fodunas's Fire Supplies.
 62081 | Depths:3 | Found a one-way gate to the infinite horrors of the Abyss.
 62191 | Depths:4 | Entered Level 4 of the Depths
 62500 | Depths:3 | Found a one-way gateway to a ziggurat.
 63689 | Depths:3 | Noticed a golden dragon
 63693 | Depths:3 | Killed a golden dragon
 64190 | Depths:4 | Reached skill level 10 in Throwing
 64209 | Depths:4 | Reached XP level 23. HP: 75/215 MP: 36/36
 66125 | Depths:4 | Found a gate to the Realm of Zot.
 66214 | Depths:4 | Noticed Margery
 66282 | Depths:4 | Killed Margery
 66666 | Depths:4 | Noticed a caustic shrike
 66666 | Depths:4 | Noticed a caustic shrike
 66671 | Depths:4 | Killed a caustic shrike
 66672 | Depths:4 | Noticed a caustic shrike
 66679 | Depths:4 | Killed a caustic shrike
 66698 | Depths:4 | Noticed a caustic shrike
 66699 | Depths:4 | Noticed a caustic shrike
 66717 | Depths:4 | Killed a caustic shrike
 66722 | Depths:4 | Killed a caustic shrike
 66727 | Depths:4 | Killed a caustic shrike
 67529 | Snake:2  | Killed Vashnia
 68353 | Depths:3 | Bought a +2 plate armour of fire resistance for 640 gold
                  | pieces
 68930 | Orc:2    | Bought a potion of invisibility for 136 gold pieces
 68930 | Orc:2    | Bought 2 potions of haste for 340 gold pieces
 68930 | Orc:2    | Bought a potion of might for 68 gold pieces
 68930 | Orc:2    | Bought a potion of attraction for 51 gold pieces
 68930 | Orc:2    | Bought a potion of attraction for 51 gold pieces
 68930 | Orc:2    | Bought a potion of curing for 51 gold pieces
 68930 | Orc:2    | Bought a potion of might for 68 gold pieces
 69261 | Vaults:5 | Entered Level 5 of the Vaults
 69261 | Vaults:5 | Noticed Sojobo
 69306 | Vaults:5 | Paralysed by an air elemental for 1 turns
 69311 | Vaults:5 | Killed Sojobo
 69358 | Vaults:5 | Noticed Bai Suzhen
 69388 | Vaults:5 | HP: 1/215 [Bai Suzhen/torrent of water (42)]
 69388 | Vaults:5 | Killed from afar by a titan

Illustrated notes

Levels and vault maps discovered:
D:1:      amcnicky_arrival_gap_in_the_tavern_cellar, layout_loops_ring,
          shapermc_ecumenical_altar_ellora, serial_shops,
          nicolae_shop_bloodbath_and_beyond, nicolae_shop_waterfront,
          nicolae_shop_behind_doors, shop, shop, chequers_big_river
D:2:      layout_rooms, wander_ebering_terrifying_dragon_lair
D:3:      layout_loops_corners
D:4:      layout_gridville, feat_on_display
D:5:      minmay_thinvault, layout_rooms, general_overflow_altar,
          grunt_ministairs_5, minivault_1, minmay_pentangle, uniq_grinder,
          uniq_duvessa, uniq_blork_the_orc, uniq_pikel
D:6:      layout_basic
D:7:      minmay_chambers_of_sevens, layout_loops_ring,
          nicolae_ru_sacrificial_ziggurat, minmay_temple_entry_butterflies,
          nicolae_ossuary_entry_giza, gammafunk_ghost_nasty_kobolds,
          uniq_crazy_yiuf_cottage
D:8:      layout_basic, serial_co_window_serial, co_window_of_opportunity_a,
          co_window_cross_1, co_window_paths_a, co_window_paths_b,
          co_window_of_opportunity_a, co_window_cross_4, co_window_corner_ca,
          co_window_broadway_c, co_window_unsneaky_path_c, co_window_broadway_b,
          co_window_broadway_a, co_window_2corner, co_window_4corner_a,
          co_window_4corner_b, st_stairs_11, grunt_decor_cap
D:9:      layout_roguey, nicolae_overflow_squiral, grunt_qazlal_clouds,
          mainiacjoe_overflow_alcove_1, marbit_many_paths, lemuel_round_altar,
          old_standard_altar, dpeg_oklobed_lair
D:10:     layout_gridville, kennysheep_orc_monster_closet_entryway,
          minmay_ruffians, uniq_psyche, uniq_urug
D:11:     layout_long_grid, elyvilon_altar_5
D:12:     layout_small_grid, hangedman_abyss_or_decor_passed
D:13:     layout_gridville, uniq_kirke, uniq_frances
D:14:     layout_layer_cave, david_vaults_5, chequers_serial_rivers_micro_c,
          okawaru_altar_gauntlet_db
D:15:     grunt_enter_depths_magical_seal, layout_layer_cave
Lair:1:   layout_chaotic_city, serial_rivers, chequers_serial_rivers_room_b,
          chequers_serial_rivers_small_b, chequers_serial_rivers_room_b,
          chequers_serial_rivers_room_a, grunt_forest_small_clearing_treed,
          lemuel_fruit_fields
Lair:2:   layout_gridlike, minmay_snake_entry_spellcaster
Lair:3:   gammafunk_boulding_lane, layout_concentric_octagons,
          palyth_hydra_swamp_entry, special_room [special_room_bee],
          infiniplex_staircase_pool_2
Lair:4:   layout_concentric_octagons, grunt_megastairs_3
Lair:5:   wormcave, layout_regular_city, nicolae_slime_entry_slimehenge,
          dreamdust_gnoll_shepherd, grunt_megastairs_2, serial_bayou_shore_a,
          uniq_sonja
Swamp:1:  layout_basic_swamp, ebering_ghost_disaster_area,
          evilmike_swamp_ruin_house_3, uniq_louise, uniq_aizul
Swamp:2:  nicolae_swamp_tree_isthmus, layout_falls_marsh,
          nicolae_swamp_big_swirl, swamp_pool1, roderic_carrion_pond
Swamp:3:  cheibrodos_swamp_mausoleum, layout_basic_swamp,
          nicolae_swamp_feature_on_the_river_bank,
          nicolae_swamp_nymph_family_reunion
Swamp:4:  swamp_alternative, layout_basic_swamp, swamp_pool1,
          nicolae_swamp_stuck_in_the_mud
Snake:1:  layout_basic, basic_altar
Snake:2:  layout_chambers, basic_altar, uniq_mlioglotl, uniq_vashnia
Snake:3:  layout_layer_cave, grunt_megastairs_5
Snake:4:  grunt_snake_rune_serpentine_throne, layout_misc_corridors, uniq_donald
Orc:1:    layout_caves
Orc:2:    st_orc_mages, layout_diamond_mine, nicolae_volcano_entry_two_sided,
          serial_shops, shop
Vaults:1: ontoclasm_vaults_pinch, vaults_mumra_minichess_inversion,
          grunt_tower_of_power, v_misc_28, nicolae_vaults_three_branches,
          v_misc_24, dpeg_vaults_monster_box, hangedman_vaults_restitches,
          ontoclasm_vaults_gateway, vaults_mumra_hexcomb, vaults_dpeg_hooks,
          nicolae_vaults_diagonal_hallway_8, layout_vaults_ring, serial_shops,
          shop, uniq_asterion
Vaults:2: nicolae_vaults_diagonal_hallway_7, hangedman_vaults_capsules,
          v_misc_28, nicolae_vaults_rhombus_6, vaults_room_semicircle,
          st_lattice, v_alt_pattern_4, ontoclasm_vaults_spin,
          vaults_dpeg_spiral, vaults_mumra_chevron_long,
          vaults_standard_mumra_enter_the_diamond, nicolae_vaults_asterisk,
          vaults_room_hallway, v_misc_27, layout_vaults_maze_snakey,
          serial_shops, nicolae_shop_trees
Vaults:3: vaults_mumra_lcd, vaults_mumra_minichess, dpeg_vaults_monster_row,
          hangedman_vaults_unwind, nicolae_vaults_specimen_jars,
          hangedman_vaults_maws, blue_anna_dwarven_crypt,
          layout_vaults_chaotic_city
Vaults:4: vaults_dpeg_encased_lava, nicolae_vaults_theta,
          kennysheep_vaults_gozag_temple, v_misc_12, grunt_vaults_focal,
          v_pattern_1, ontoclasm_vaults_decontamination,
          ontoclasm_vaults_bender, vaults_room_fours, layout_vaults_omnigrid
Vaults:5: uniq_mennas, uniq_bai_suzhen, uniq_sojobo
Depths:1: layout_cave_pools, enter_trove_6, mu_enter_wizlab_6,
          grunt_decor_mini_mirrors, hell_entry, eino_tiny_chamber,
          roderic_serpentine_path, tso_altar
Depths:2: minmay_ornate_pinched, layout_small_grid, pan_entry, nrook_uturn,
          grunt_hell_entry_dis_old
Depths:3: nicolae_hexawheel, layout_gridlike, enter_ziggurat_a,
          minmay_misc_feat_hallway, pf_coc_iceberg, abyss_entry,
          nicolae_shop_fire_sale [nicolae_sub_dead_trees], laboratory
Depths:4: grunt_twist_and_shout, layout_gridlike, rand_demon_pan_entry_4,
          hell_entry, kilobyte_rumbling_trees, serial_bayou_shore_b,
          uniq_margery

Skill      XL: |  1  2  3  4  5  6  7  8  9 10 11 12 13 14 15 16 17 18 19 20 21 22 23 |
---------------+----------------------------------------------------------------------+-----
Unarmed Combat | 1 2 3 4 5 6 8 10 11 12 13 14 15 16 17 18 19 20 | 20.0
Fighting       | 2 3 4 5 8 9 11 12 13 14 15 16 17 18 19 20 | 20.0
Invocations    | 2 5 7 11 12 13 15 16 17 18 20 | 20.1
Dodging        | 4 5 6 8 9 10 | 10.0
Armour         | 3 5 8 10 13 | 13.7
Shields        | 5 6 8 10 | 10.9
Evocations     | 5 7 10 12 14 | 14.0
Throwing       | 10 | 10.0
Short Blades   | |  0.8
Stealth        | |  3.2
Spellcasting   | |  1.7
Hexes          | |  2.4

Action                   |  1- 3 |  4- 6 |  7- 9 | 10-12 | 13-15 | 16-18 | 19-21 | 22-24 || total
-------------------------+-------+-------+-------+-------+-------+-------+-------+-------++-------
Melee: Unarmed           |   185 |   225 |   281 |   909 |  1185 |  1548 |  1824 |   859 ||  7016
       Punch             |     1 |     5 |    12 |    11 |       |       |       |       ||    29
Throw: Dart              |     2 |    20 |    31 |    23 |    12 |    18 |     2 |       ||   108
       Stone             |       |     3 |       |     7 |     3 |       |       |       ||    13
       Boomerang         |       |       |       |       |     8 |    14 |     7 |     8 ||    37
Invok: Stomp             |       |       |     5 |    14 |    34 |    70 |    46 |    12 ||   181
       Grand Finale      |       |       |       |     1 |     1 |       |       |       ||     2
       Line Pass         |       |       |       |       |     1 |     4 |     1 |       ||     6
Evoke: Wand              |       |       |       |     5 |     9 |     5 |     5 |     2 ||    26
       Box of beasts     |       |       |       |       |     2 |     2 |     2 |     1 ||     7
       Condenser vane    |       |       |       |       |     1 |     2 |     2 |     2 ||     7
  Use: Scroll            |     4 |     1 |     4 |    15 |     9 |     3 |     6 |     1 ||    43
       Potion            |     3 |     1 |       |     5 |     4 |     5 |     4 |     6 ||    28
 Stab: Sleeping          |     2 |       |       |       |       |       |       |       ||     2
       Paralysed         |       |       |     6 |    45 |    85 |   112 |   171 |    96 ||   515
       Confused          |       |       |       |       |     1 |     2 |       |       ||     3
       Invisible         |       |       |       |       |       |       |       |     2 ||     2
Armor: Robe              |     7 |       |       |       |       |       |       |       ||     7
       Ring mail         |    49 |    20 |       |       |       |       |       |       ||    69
       Plate armour      |       |    61 |   147 |   397 |   648 |   605 |   941 |   501 ||  3300
Dodge: Dodged            |   109 |   101 |   101 |   345 |   575 |   590 |   669 |   307 ||  2797
Block: Buckler           |       |       |       |   190 |   393 |   315 |       |       ||   898
       Kite shield       |       |       |       |       |       |   226 |   773 |   413 ||  1412
       Reflection        |       |       |       |       |       |    11 |    20 |     2 ||    33
